 Dungeon Crawl Stone Soup version 0.31-a0-986-g5e6e4ef867 (webtiles) character file.

Game seed: 2569300466463521069

141 wildpjah the Slasher (level 5, -1/30 HPs)
             Began as a Tengu Gladiator on Nov 20, 2023.
             Slain by a gnoll
             ... wielding a +0 whip
              (6 damage)
             ... on level 3 of the Dungeon.
             The game lasted 00:02:49 (2218 turns).

wildpjah the Slasher (Tengu Gladiator)              Turns: 2218, Time: 00:02:50

Health: -1/30      AC:  3    Str: 14    XL:     5   Next: 24%
Magic:  6/6        EV: 18    Int:  9    God:
Gold:   67         SH:  0    Dex: 17    Spells: 4/4 levels left

rFire   . . .        a - +0 long sword
rCold   . . .        (no shield)
rNeg    . . .        b - +0 leather armour
rPois   .            c - +0 hat
rElec   .            (no cloak)
rCorr   .            (no gloves)
SInv    .            (boots unavailable)
Will    .....        (no amulet)
Stlth   ++           s - +5 ring of evasion
HPRegen 0.25/turn    (no ring)
MPRegen 0.10/turn

%: acrobat
@: no status effects
A: beak, talons 3, acrobatic
a: no special abilities


You were on level 3 of the Dungeon.
You visited 1 branch of the dungeon, and saw 3 of its levels.

You collected 67 gold pieces.

Inventory:

Hand Weapons
 a - a +0 long sword (weapon)
Missiles
 d - 2 throwing nets (quivered)
 e - a javelin
Armour
 b - a +0 leather armour (worn)
 c - a +0 hat (worn)
Jewellery
 s - a +5 ring of evasion (left hand)
Scrolls
 g - a scroll of fog {unknown}
 h - a scroll of blinking {unknown}
 i - a scroll of enchant armour {unknown}
 k - 5 scrolls of identify {unknown}
 m - a scroll of teleportation {unknown}
 p - a scroll of enchant weapon {unknown}
 q - 2 scrolls of fear {unknown}
Potions
 f - a potion of cancellation {unknown}
 j - 3 potions of attraction
 l - a potion of brilliance {unknown}
 n - a potion of curing {unknown}
 o - a potion of degeneration {unknown}
 r - a potion of lignification {unknown}


   Skills:
 + Level 2.3 Fighting
 + Level 4.4 Long Blades
 + Level 2.2 Throwing
 * Level 2.2 Armour
 * Level 4.3 Dodging
 + Level 1.0 Stealth


You had 4 spell levels left.
You didn't know any spells.
Your spell library contained the following spells:

 Spells                   Type           Power      Damage    Failure   Level
 Volatile Blastmotes      Fire/Tloc      0%         2d10      83%         3
 Fulminant Prism          Conj/Hex       0%         3d5       99%         4
 Iskenderun's Mystic Bla  Conj/Tloc      0%         2d3       99%         4


Dungeon Overview and Level Annotations

Branches:
Dungeon (3/15)

Altars:
Vehumet


Innate Abilities, Weirdness & Mutations

You have a beak for a mouth.
You have claws for feet.
You can magically evade attacks while moving or waiting.


Message History

Your Stealth skill increases to level 1!
You have reached level 5!
You hit the gnoll.
The gnoll is moderately wounded.
The gnoll completely misses you.
You slash the gnoll!
The gnoll is almost dead.
The gnoll barely misses you.
You closely miss the gnoll. You claw the gnoll.
You kill the gnoll!
The gnoll closely misses you.
You hit the gnoll but do no damage. The gnoll hits you with a +0 whip.
You slash the gnoll! Your kick misses the gnoll.
The gnoll is almost dead.
The gnoll completely misses you.
You barely miss the gnoll. You peck the gnoll, but do no damage.
The gnoll is almost dead.
The gnoll hits you with a +0 whip.
You hit the gnoll.
You kill the gnoll!
You closely miss the gnoll. Your kick misses the gnoll.
The gnoll closely misses you. The gnoll hits you with a +0 whip.
You closely miss the gnoll. You claw the gnoll.
The gnoll is lightly wounded.
The gnoll hits you with a +0 whip.
* * * LOW HITPOINT WARNING * * *
You hit the gnoll but do no damage. Your kick misses the gnoll.
The gnoll is lightly wounded.
The gnoll hits you with a +0 whip.
* * * LOW HITPOINT WARNING * * *
You closely miss the gnoll.
The gnoll is lightly wounded.
The gnoll closely misses you.
You hit the gnoll. Your peck misses the gnoll.
The gnoll is heavily wounded.
The gnoll misses you.
You barely miss the gnoll.
The gnoll is heavily wounded.
The gnoll hits you with a +0 whip.
You die...

...###
#....##.### ..
#.#.##(.# #
##...##.##
#...###.#
..##..†.# ##
#....# #....#
#....##########
#......@g......
#...###########
#... #... #...
####


You could see a gnoll.

Vanquished Creatures
  Robin (D:3)
  3 gnolls (D:3)
  2 adders
  3 dart slugs
  4 bats
  9 endoplasms
  2 giant cockroaches
  14 goblins
  6 hobgoblins
  7 jackals
  3 kobolds
  2 quokkas
  4 ball pythons
  4 frilled lizards
  5 rats
69 creatures vanquished.

Notes
Turn   | Place    | Note
-------+----------+-------------------------------------------
     0 | D:1      | wildpjah the Tengu Gladiator began the quest for the Orb.
     0 | D:1      | Reached XP level 1. HP: 12/12 MP: 2/2
   133 | D:1      | Reached XP level 2. HP: 15/17 MP: 3/3
   215 | D:1      | Found a faded altar of an unknown god.
   431 | D:1      | Reached XP level 3. HP: 21/21 MP: 4/4
  1054 | D:2      | Found a radiant altar of Vehumet.
  1125 | D:2      | Reached skill level 1 in Armour
  1479 | D:2      | Reached XP level 4. HP: 26/26 MP: 5/5
  1939 | D:3      | Noticed Robin
  1960 | D:3      | Killed Robin
  2206 | D:3      | Reached skill level 1 in Stealth
  2206 | D:3      | Reached XP level 5. HP: 18/30 MP: 6/6
  2218 | D:3      | Slain by a gnoll

Illustrated notes

Levels and vault maps discovered:
D:1:      amcnicky_arrival_choice, layout_basic,
          ebering_ecumenical_altar_petrified
D:2:      layout_loops_cross, basic_altar, grunt_decor_one_mirror,
          patterned_corridor
D:3:      layout_rooms, uniq_natasha, uniq_robin

Skill      XL: |  1  2  3  4 |
---------------+-------------+-----
Dodging        | 4 |  4.3
Armour         | 1 2 |  2.2
Long Blades    | 4 |  4.4
Stealth        | 1 |  1.0
Fighting       | |  2.3
Throwing       | |  2.2

Action                     |  1- 3 |  4- 6 || total
---------------------------+-------+-------++-------
  Melee: Long sword        |    88 |    74 ||   162
         Kick              |    17 |    12 ||    29
         Peck              |    12 |     9 ||    21
         Punch             |       |     1 ||     1
  Throw: Throwing net      |       |     3 ||     3
    Use: Potion            |       |     1 ||     1
   Stab: Sleeping          |     2 |       ||     2
         Held in net/web   |       |     1 ||     1
 Armour: Leather armour    |    44 |    33 ||    77
  Dodge: Dodged            |    95 |    52 ||   147

Table legend: (Time is in decaauts)
 A = Elapsed time spent in this place.
 B = Non-inter-level travel time spent in this place.
 C = Inter-level travel time spent in this place.
 D = Time resting spent in this place.
 E = Time spent auto-exploring this place.
 F = Levels seen in this place.
 G = Mean time per level.
                   A        B        C        D        E       F      G
               +--------+--------+--------+--------+--------+-----+--------+
         Total |   2249 |   2148 |    101 |      0 |   1742 |   3 |  749.7 |
       Dungeon |   2249 |   2148 |    101 |      0 |   1742 |   3 |  749.7 |
               +--------+--------+--------+--------+--------+-----+--------+

Top non-repeatable levels by time:
     D:1: 1054 daAuts
     D:2: 859 daAuts
     D:3: 335 daAuts
